 Dungeon Crawl Stone Soup version 0.31-a0-1300-gb6740aa4e6 (webtiles) character file.

Game seed: 15067983803563198155

421 LeprechaunX the Changeling (level 6, -5/63 HPs)
             Began as an Octopode Shapeshifter on Dec 18, 2023.
             Was an Initiate of Ru.
             Killed from afar by Dowan (16 damage)
             ... with a shard of ice
             ... on level 4 of the Dungeon.
             The game lasted 00:04:19 (3069 turns).

LeprechaunX the Changeling (Octopode Shapeshifter)  Turns: 3069, Time: 00:04:20

Health: -5/63      AC: 23    Str: 15    XL:     6   Next: 94%
Magic:  6/6        EV:  2    Int: 12    God:    Ru [......]
Gold:   304        SH:  0    Dex: 12    Spells: 5/5 levels left

rFire   . . .        a - +1 whip (vamp)
rCold   . . .        (no shield)
rNeg    . . .        (helmet currently unavailable)
rPois   +            (no amulet)
rElec   .            (no ring)
rCorr   .            (no ring)
SInv    .            (no ring)
Will    .....        (no ring)
Stlth   +            (no ring)
HPRegen 0.30/turn    (no ring)
MPRegen 0.10/turn    (no ring)
                     (no ring)

%: no passive effects
@: tree-form
A: stationary, stasis, torment immunity, boosted hp, almost no armour,
(amphibious), 8 rings, (camouflage 1), (gelatinous body 1), (nimble swimmer 1),
(tentacles)
a: Renounce Religion


You were on level 4 of the Dungeon.
You worshipped Ru.
Ru was noncommittal.
You were a tree.
You visited 2 branches of the dungeon, and saw 5 of its levels.

You collected 304 gold pieces.

Inventory:

Hand Weapons
 a - a +1 vampiric whip (weapon)
 b - a +0 sling
Talismans
 c - a flux talisman
 p - a beast talisman
Wands
 q - a wand of digging (5)
 r - a wand of acid (7)
Scrolls
 e - a scroll of enchant weapon {unknown}
 i - a scroll of identify {unknown}
 j - 2 scrolls of fear {unknown}
 k - a scroll of enchant armour {unknown}
 l - a scroll of fog {unknown}
 n - a scroll of teleportation {unknown}
 o - a scroll of vulnerability {unknown}
 s - a scroll of immolation {unknown}
 t - a scroll of amnesia {unknown}
 u - a scroll of blinking {unknown}
Potions
 d - 4 potions of curing {unknown}
 g - 2 potions of brilliance {unknown}
 h - 2 potions of haste {unknown}
 m - a potion of resistance {unknown}


   Skills:
 + Level 3.0 Fighting
 - Level 2.0 Maces & Flails
 - Level 2.0 Dodging
 + Level 4.3 Unarmed Combat
 + Level 1.6 Evocations
 * Level 5.0 Shapeshifting


You had 5 spell levels left.
You didn't know any spells.
Your spell library contained the following spells:

 Spells                   Type           Power      Damage    Failure   Level
 Shock                    Conj/Air       0%         1d3       32%         1
 Swiftness                Air            0%         N/A       69%         3
 Airstrike                Air            0%         2d(0-16)  97%         4


Dungeon Overview and Level Annotations

Branches:
Dungeon (4/15)             Temple (1/1) D:4

Altars:
Dithmenos
Elyvilon
Fedhas
Gozag
Hepliaklqana
Nemelex Xobeh
Qazlal
Ru
Sif Muna
Trog
Uskayaw
Vehumet
Wu Jian
Xom
Zin
The Shining One

Annotations:
D:4 Dowan


Innate Abilities, Weirdness & Mutations

You are a tree.
Your roots penetrate the ground, keeping you stationary.
You cannot be teleported.
You are immune to unholy pain and torment.
Your maximum health is greatly increased.
You cannot wear most types of armour.
((You are amphibious.))
You can wear up to eight rings at the same time.
((Your skin changes colour to match your surroundings (Stealth+).))
((Your rubbery body absorbs attacks. (AC +1, EV +1)))
((You are camouflaged when in or above water. (Stealth+)))
((You have tentacles for arms and can constrict up to eight enemies at once.))


Message History

Duvessa is severely wounded.
Dowan hits you but does no damage. Duvessa hits you but does no damage.
You hit Duvessa but do no damage.
Duvessa is severely wounded.
Dowan hits you but does no damage. Duvessa barely misses you.
You hit Duvessa but do no damage.
Duvessa is severely wounded.
Dowan casts a spell at Duvessa.
Duvessa seems to speed up.
Duvessa barely misses you.
You hit Duvessa but do no damage.
Duvessa is severely wounded.
Duvessa hits you with a +0 short sword.
* * * LOW HITPOINT WARNING * * *
Dowan hits you with a +0 dagger.
* * * LOW HITPOINT WARNING * * *
You whack Duvessa!
You feel better.
Duvessa is severely wounded.
Duvessa completely misses you.
Dowan casts a spell.
Dowan blinks!
Duvessa hits you but does no damage.
You hit Duvessa.
Duvessa is almost dead.
Duvessa hits you but does no damage.
You closely miss Duvessa.
Duvessa is almost dead.
Duvessa completely misses you. Duvessa barely misses you.
You closely miss Duvessa.
Duvessa is almost dead.
Duvessa hits you but does no damage.
You hit Duvessa.
You feel better.
You kill Duvessa!
Dowan's eyes darken. "You have made a grave mistake."
Dowan seems to find hidden reserves of power!
Your Fighting skill increases to level 3!
Your Shapeshifting skill increases to level 5!
Unknown command.
You start resting.
Dowan casts a spell at you. The shard of ice hits you!
You die...

....##+######.##..#####..........
....# .............#..........
....# .............# .......
....# ...>.........# .......
....#... .............# .......
..[.#... .....e.......# ........
)....... )(...........# ........
≈≈≈..... ###..##..##..# ........
≈≈≈≈≈.... #.. #♣.# ..# #.......
≈≈≈≈≈≈≈.. #.....)...... #.......
≈≈≈≈≈≈≈≈. #.............+.......
..≈≈≈≈≈≈ #...........>.#.......
>....... #............ #.......
..≈≈≈≈≈≈ #####..####...#.......
≈≈≈≈≈≈≈. #.## #..####....
≈≈≈≈≈... ... #.....#.... ≈≈≈.....
#.# #.....#....


You could see Dowan (fast).

Vanquished Creatures
  Duvessa (D:4)
  A bullfrog (D:4)
  A hound (D:4)
  A sleepcap (D:4)
  An orc wizard (D:3)
  8 adders
  A worm (D:2)
  3 dart slugs
  2 orcs (D:3)
  3 endoplasms (D:1)
  A giant cockroach (D:3)
  11 goblins
  10 hobgoblins
  3 jackals (D:1)
  11 kobolds
  6 quokkas
  7 ball pythons
  6 bats
  2 frilled lizards (D:2)
  7 rats
86 creatures vanquished.

Notes
Turn   | Place    | Note
-------+----------+-------------------------------------------
     0 | D:1      | LeprechaunX the Octopode Shapeshifter began the quest for
                  | the Orb.
     0 | D:1      | Reached XP level 1. HP: 13/13 MP: 1/1
   193 | D:1      | Reached XP level 2. HP: 14/18 MP: 2/2
   443 | D:1      | Reached XP level 3. HP: 23/23 MP: 3/3
   549 | D:1      | Found a faded altar of an unknown god.
  1153 | D:2      | Reached XP level 4. HP: 23/29 MP: 4/4
  1462 | D:2      | Reached skill level 4 in Shapeshifting
  1783 | D:2      | Reached skill level 1 in Maces & Flails
  1948 | D:3      | Reached XP level 5. HP: 21/34 MP: 5/5
  2276 | D:3      | Found a sparkling altar of Nemelex Xobeh.
  2768 | D:4      | Found a blossoming altar of Fedhas.
  2774 | D:4      | Found a stormy altar of Qazlal.
  2848 | D:4      | Found a sacrificial altar of Ru.
  2859 | D:4      | Noticed Duvessa
  2860 | D:4      | Became a worshipper of Ru the Awakened
  2922 | D:4      | Found a staircase to the Ecumenical Temple.
  2956 | Temple   | Entered the Ecumenical Temple
  3025 | D:4      | Reached skill level 1 in Evocations
  3025 | D:4      | Reached XP level 6. HP: 38/41 MP: 6/6
  3048 | D:4      | Noticed Dowan
  3068 | D:4      | Killed Duvessa
  3069 | D:4      | Reached skill level 5 in Shapeshifting
  3069 | D:4      | Killed from afar by Dowan

Illustrated notes

Levels and vault maps discovered:
D:1:      dpeg_arrival_chambers_temple_mockup, layout_basic,
          nicolae_ecumenical_lake_church
D:2:      minmay_general_purpose_star, layout_loops_corners
D:3:      layout_loops_ring, old_standard_altar
D:4:      layout_gridville, grunt_temple_overflow_forces_of_nature,
          nicolae_ru_sacrificial_ziggurat, temple_pool_b, uniq_duvessa
Temple:   nicolae_temple_no_exploring_needed

Skill      XL: |  1  2  3  4  5  6 |
---------------+-------------------+-----
Fighting       | 2 3 |  3.0
Shapeshifting  | 4 5 |  5.0
Maces & Flails | 1 2 |  2.0
Unarmed Combat | 4 |  4.3
Evocations     | 1 |  1.6
Dodging        | |  2.0

Action                     |  1- 3 |  4- 6 || total
---------------------------+-------+-------++-------
  Melee: Unarmed           |    18 |       ||    18
         Constrict         |    23 |    30 ||    53
         Tentacles         |    11 |    24 ||    35
         Whip              |    53 |   111 ||   164
         Punch             |     1 |     3 ||     4
    Use: Potion            |       |     1 ||     1
   Stab: Sleeping          |     5 |    11 ||    16
 Armour: Skin              |    25 |    65 ||    90
  Dodge: Dodged            |    41 |    61 ||   102

Table legend: (Time is in decaauts)
 A = Elapsed time spent in this place.
 B = Non-inter-level travel time spent in this place.
 C = Inter-level travel time spent in this place.
 D = Time resting spent in this place.
 E = Time spent auto-exploring this place.
 F = Levels seen in this place.
 G = Mean time per level.
                   A        B        C        D        E       F      G
               +--------+--------+--------+--------+--------+-----+--------+
         Total |   3077 |   2895 |    182 |    114 |   2206 |   5 |  615.4 |
       Dungeon |   3075 |   2893 |    182 |    114 |   2206 |   4 |  768.8 |
        Temple |      1 |      1 |      0 |      0 |      0 |   1 |    1.0 |
               +--------+--------+--------+--------+--------+-----+--------+

Top non-repeatable levels by time:
     D:2: 1081 daAuts
     D:1: 823 daAuts
     D:3: 786 daAuts
     D:4: 385 daAuts
  Temple: 1 daAuts
